 Dungeon Crawl Stone Soup version 0.17.0-24-gcfadda4 (console) character file.

28 gw the Vexing (level 3, -4/18 HPs)
             Began as a Spriggan Arcane Marksman on Nov 17, 2015.
             Slain by a worm (11 damage)
             ... on level 2 of the Dungeon.
             The game lasted 00:02:21 (1301 turns).

gw the Vexing (Spriggan Arcane Marksman)            Turns: 1301, Time: 00:02:21

Health: -4/18      AC:  2    Str:  7    XL:     3   Next: 0%
Magic:  3/7        EV: 18    Int: 15    God:
Gold:   73         SH:  0    Dex: 15    Spells: 1 memorised, 5 levels left

rFire  . . .     SeeInvis +     b - +0 dagger
rCold  . . .     Clarity  +     c - +0 robe
rNeg   . . .     SustAt   .     (shield restricted)
rPois  .         Gourm    .     (helmet restricted)
rElec  .         Spirit   .     (no cloak)
rCorr  .         Warding  .     (gloves unavailable)
rMut   .         Stasis   .     (boots unavailable)
MR     .....                    m - amulet of clarity
Stlth  +.........               (no ring)
                                (no ring)

@: very quick, not resistant to hostile enchantments, very unstealthy
A: unfitting armour, see invisible, herbivore 3, speed 3, slow metabolism 2
a: no special abilities


You were on level 2 of the Dungeon.
You were not hungry.

You visited 1 branch of the dungeon, and saw 2 of its levels.

You collected 73 gold pieces.

Inventory:

Hand Weapons
 a - a +0 hunting sling
 b - a +0 dagger (weapon)
Missiles
 i - 16 sling bullets
 j - 32 stones (quivered)
Armour
 c - a +0 robe (worn)
Jewellery
 m - an amulet of clarity (around neck)
Scrolls
 f - a scroll of remove curse
 g - a scroll of identify
Books
 d - a book of Debilitation

   Spells                             Type                      Level
   a - Corona                         Hexes                        1
   b - Slow                           Hexes                        2
   c - Gell's Gravitas                Hexes/Translocation          3
   d - Inner Flame                    Hexes/Fire                   3
   e - Cause Fear                     Hexes                        4
   f - Leda's Liquefaction            Hexes/Earth                  4
Comestibles
 e - a bread ration


   Skills:
 + Level 1.0 Fighting
 + Level 0.4 Short Blades
 + Level 2.8 Slings
 + Level 3.4 Dodging
 * Level 2.2 Spellcasting
 + Level 3.9 Hexes


You had 5 spell levels left.
You knew the following spells:

 Your Spells              Type           Power        Failure   Level  Hunger
a - Corona                Hex            ##.....      4%          1    #......


Dungeon Overview and Level Annotations

Branches:
Dungeon (2/15)

Altars:


Innate Abilities, Weirdness & Mutations

You are tiny and cannot use many weapons and most armour.
You have supernaturally acute eyesight.
You are a herbivore.
You cover ground extremely quickly.
You need consume almost no food.


Message History

You hit the worm but do no damage.
KIIIITING; ATTACKING (-1,0)
You hit the worm but do no damage. The worm misses you.
Your magical contamination has completely faded away.
KIIIITING; ATTACKING (-1,0)
You completely miss the worm. The worm barely misses you.
KIIIITING; ATTACKING (-1,0)
You hit the worm but do no damage.
KIIIITING; ATTACKING (-1,0)
You hit the worm but do no damage. The worm misses you.
KIIIITING; ATTACKING (-1,0)
You hit the worm but do no damage.
KIIIITING; ATTACKING (-1,0)
You hit the worm.
The worm is lightly wounded.
The worm bites you!
KIIIITING; ATTACKING (-1,0)
You hit the worm but do no damage. The worm bites you!
Ouch! That really hurt!
You die...

### #.# w.##.# #.....
h.#.# # #.#.# #.
#.#.#####.###
.#.#####...(........
.......##....###.#.#
...8........(wi....#
.$8.8......#####......
.8._.8.%#### ####.
..8.8...# ...8....#
........## .#...##..#
#..# ##.# . ### #.#
#.# #. #..


You could see a worm.

Table legend:
 A = Turns spent in this place as a percentage of turns spent in the entire game.
 B = Non-inter-level travel turns spent in this place as a percentage of non-inter-level travel turns spent in the entire game.
 C = Inter-level travel turns spent in this place as a percentage of turns spent in this place.
 D = Turns resting spent in this place as a percentage of non-inter-level travel turns spent in this place.
 E = Turns spent auto-exploring this place as a percentage of non-inter-level travel turns spent in this place.
 F = Non-inter-level travel turns spent in this place divided by the number of levels of this place that you've seen.
                   A       B       C       D       E      F
               +-------+-------+-------+-------+-------+----------------------
         Total | 100.0 | 100.0 |   0.0 |   2.2 |   2.4 | 1086.0
       Dungeon | 100.0 | 100.0 |   0.0 |   2.2 |   2.4 | 1086.0
               +-------+-------+-------+-------+-------+----------------------

Table legend:
 A = Kills in this place as a percentage of kills in entire the game.
 B = Kills by you in this place as a percentage of kills by you in the entire game.
 C = Kills by friends in this place as a percentage of kills by friends in the entire game.
 D = Other kills in this place as a percentage of other kills in the entire game.
 E = Experience gained in this place as a percentage of experience gained in the entire game.
 F = Experience gained in this place divided by the number of levels of this place that you have seen.
                   A       B       C       D       E      F
               +-------+-------+-------+-------+-------+----------------------
         Total | 100.0 | 100.0 |  -nan |  -nan | 100.0 |  20.5
       Dungeon | 100.0 | 100.0 |  -nan |  -nan | 100.0 |  20.5
               +-------+-------+-------+-------+-------+----------------------

Vanquished Creatures
  3 goblins
  5 hobgoblins
  7 jackals
  A kobold (D:1)
  A ball python (D:1)
  3 bats
  4 giant newts (D:1)
  4 rats (D:1)
28 creatures vanquished.

Notes
Turn   | Place    | Note
--------------------------------------------------------------
     0 | D:1      | gw the Spriggan Arcane Marksman began the quest for the Orb.
     0 | D:1      | Reached XP level 1. HP: 9/9 MP: 3/3
   142 | D:1      | Reached skill level 1 in Fighting
   341 | D:1      | Reached XP level 2. HP: 14/14 MP: 5/5
  1247 | D:2      | Found a faded altar to an unknown god.
  1292 | D:2      | Reached XP level 3. HP: 14/18 MP: 3/7
  1301 | D:2      | Slain by a worm

Action                   || total
-------------------------++-------
Melee: Dagger            ||    43
 Fire: Hunting sling     ||    45
 Cast: Corona            ||    30
  Use: Scroll            ||     3
       Potion            ||     2

Vault maps used:
D:1:      sevenhm_arrival_forest_fort_small_5, minmay_crystal_room
D:2:      ecumenical_altar_2
